 Dungeon Sprint DCSS version 0.29-a0-359-g541a27f54d (webtiles) character file.

Game seed: 2745094352401778736

130 Zeldest the Insei (level 4, -1/55 HPs)
             Began as a Demonspawn Transmuter on Apr 28, 2022.
             Succumbed to a water moccasin's poison
             ... in the Dungeon (Sprint IX: "|||||||||||||||||||||||||||||").
             The game lasted 00:00:48 (60 turns).

Zeldest the Insei (Demonspawn Transmuter)             Turns: 60, Time: 00:00:48

Health: -1/55      AC: 22    Str: 12    XL:     4   Next: 89%
Magic:  6/7        EV:  2    Int: 15    God:
Gold:   0          SH:  0    Dex: 13    Spells: 6/7 levels left

rFire   . . .      SeeInvis .     - Unarmed
rCold   . . .      Faith    .   (no shield)
rNeg    . . .      Spirit   .   (body armour currently unavailable)
rPois   +          Reflect  .   (helmet currently unavailable)
rElec   .          Harm     .   (cloak currently unavailable)
rCorr   .          Rampage  .   (gloves currently unavailable)
Will    .....      NoTele   +   (boots currently unavailable)
Stlth   +.........              (no amulet)
HPRegen 0.18/turn               (no ring)
MPRegen 0.10/turn               (no ring)

@: lethally poisoned (-1 -> -10), tree-form
A: stationary, stasis, torment immunity, boosted hp, (claws 1), foul stench 2
a: no special abilities


You were in the Dungeon.
You were a tree.
You visited 1 branch

Inventory:

Armour
 a - a +0 robe (melded)
Scrolls
 h - a scroll of blinking
Potions
 e - a potion of haste
 f - 2 potions of magic
 g - a potion of berserk rage


   Skills:
 + Level 4.3 Fighting
 + Level 4.3 Dodging
 * Level 6.2 Unarmed Combat
 - Level 2.0 Spellcasting
 + Level 4.2 Transmutations


You had 6 spell levels left.
You knew the following spells:

 Your Spells              Type           Power      Damage    Failure   Level
a - Beastly Appendage     Tmut           28%        N/A       3%          1

Your spell library contained the following spells:

 Spells                   Type           Power      Damage    Failure   Level
 Wereblood                Tmut           14%        N/A       6%          2
 Spider Form              Tmut/Pois      7%         N/A       28%         3
 Ice Form                 Ice/Tmut       7%         N/A       67%         4


Dungeon Overview and Level Annotations

Branches:
Dungeon (1/1)

Altars:


Innate Abilities, Weirdness & Mutations

You are a tree.
Your roots penetrate the ground, keeping you stationary.
You cannot be teleported.
You are immune to unholy pain and torment.
Your maximum health is greatly increased.
Your equipment is partially melded.
((You have sharp fingernails.))
You sometimes emit foul miasma when damaged in melee.


Message History

The scorpion is almost dead.
The scorpion stings you.
You scratch the scorpion.
You kill the scorpion!
The hound bites you.
* * * LOW HITPOINT WARNING * * *
Your Fighting skill increases to level 3!
Your Dodging skill increases to level 4!
Your Unarmed Combat skill increases to level 5!
Your Transmutations skill increases to level 4!
You have reached level 4!
You feel clever.
Your demonic ancestry asserts itself...
Your foul stench grows more powerful.
You closely miss the hound. The hound barely misses you.
You barely miss the hound. The hound barely misses you. x2
You scratch the hound.
The hound is lightly wounded.
The hound closely misses you.
You claw the hound!
The hound is severely wounded.
The hound bites you.
* * * LOW HITPOINT WARNING * * *
You claw the hound!
You kill the hound!
Your Fighting skill increases to level 4!
Your Unarmed Combat skill increases to level 6!
You scratch the water moccasin.
The water moccasin is lightly wounded.
The water moccasin bites you.
* * * LOW HITPOINT WARNING * * *
You are lethally poisoned!
The water moccasin poisons you!
Really quaff the potion of lignification?
You turn into a tree.
Your +0 robe melds into your body.
Your roots penetrate the ground.
* * * LOW HITPOINT WARNING * * *
You feel very sick.
The water moccasin bites you but does no damage. x2
You closely miss the water moccasin.
You die...

▓.▓
▓.▓
▓)▓
▓.▓
▓.▓
▓.▓
▓.▓
▓.▓
▓♣▓
▓S▓
▓.▓
▓.▓
▓.▓
▓.▓
▓+▓


You could see a water moccasin.

Vanquished Creatures
  A scorpion (D)
  A hound (D)
  An orc wizard (D)
  An adder (D)
  2 quokkas (D)
  2 ball pythons (D)
  A kobold (D)
9 creatures vanquished.

Notes
Turn   | Place    | Note
-------+----------+-------------------------------------------
     0 | D        | Zeldest the Demonspawn Transmuter began the quest for the
                  | Orb.
     0 | D        | Reached XP level 1. HP: 15/15 MP: 3/3
     7 | D        | Reached skill level 3 in Unarmed Combat
    26 | D        | Noticed an orc wizard
    26 | D        | Noticed a scorpion
    26 | D        | Noticed a hound
    26 | D        | Noticed a water moccasin
    35 | D        | Gained mutation: You may rarely emit foul miasma when
                  | damaged in melee. [demonic ancestry]
    35 | D        | Reached XP level 2. HP: 9/22 MP: 3/5
    40 | D        | Reached skill level 4 in Unarmed Combat
    40 | D        | Gained mutation: You have sharp fingernails. [demonic
                  | ancestry]
    40 | D        | Reached XP level 3. HP: 7/28 MP: 4/6
    52 | D        | Killed a scorpion
    53 | D        | Reached skill level 5 in Unarmed Combat
    53 | D        | Gained mutation: You sometimes emit foul miasma when
                  | damaged in melee. [demonic ancestry]
    53 | D        | Reached XP level 4. HP: 10/37 MP: 5/7
    58 | D        | Reached skill level 6 in Unarmed Combat
    59 | D        | HP: 1/55 [poisoned by a water moccasin]
    60 | D        | Succumbed to a water moccasin's poison

Illustrated notes

Levels and vault maps discovered:
D:        linesprint [early_d, line_temple, items_1, d_10, items_2, lair_1,
          lair_end, items_3, orc_1, orc_end, items_4, d_15, swamp_1, shoals_1,
          snake_1, spider_1, d_20, vaults_1, items_5, swamp_end, shoals_end,
          snake_end, spider_end, vaults_end, d_27, items_6, zot_1, zot_end,
          crypt_end, forest_end, elf_end, slime_end, tomb_end, abyss_end,
          pan_hell_end]

Skill      XL: |  1  2  3  4 |
---------------+-------------+-----
Dodging        | 2 3 4 |  4.3
Unarmed Combat | 3 4 5 6 |  6.2
Transmutations | 2 3 4 |  4.2
Fighting       | 2 3 4 |  4.3
Spellcasting   | |  2.0

Action                   |  1- 3 |  4- 6 || total
-------------------------+-------+-------++-------
Melee: Unarmed           |    37 |     7 ||    44
       Headbutt          |     7 |       ||     7
       Kick              |     4 |       ||     4
       Punch             |     1 |       ||     1
 Cast: Beastly Appendage |     2 |       ||     2
  Use: Potion            |     2 |     1 ||     3
Armor: Robe              |     5 |       ||     5
       Skin              |       |     2 ||     2
Dodge: Dodged            |    15 |     4 ||    19

Table legend: (Time is in decaauts)
 A = Elapsed time spent in this place.
 B = Non-inter-level travel time spent in this place.
 C = Inter-level travel time spent in this place.
 D = Time resting spent in this place.
 E = Time spent auto-exploring this place.
 F = Levels seen in this place.
 G = Mean time per level.
                   A        B        C        D        E       F      G
               +--------+--------+--------+--------+--------+-----+--------+
         Total |     57 |     57 |      0 |      0 |      0 |   1 |   57.0 |
       Dungeon |     57 |     57 |      0 |      0 |      0 |   1 |   57.0 |
               +--------+--------+--------+--------+--------+-----+--------+

Top non-repeatable levels by time:
       D: 57 daAuts
